 Dungeon Sprint DCSS version 0.29-a0-838-g385bb11a5b (webtiles) character file.

Game seed: 640912835716072650

7 purpskrrrp the Sneak (level 2, -1/13 HPs)
             Began as a Vine Stalker Enchanter on July 13, 2022.
             Slain by a phantom (3 damage)
             ... in the Dungeon (Sprint IX: "|||||||||||||||||||||||||||||").
             The game lasted 00:00:24 (60 turns).

purpskrrrp the Sneak (Vine Stalker Enchanter)         Turns: 60, Time: 00:00:25

Health: -1/13      AC:  2    Str: 10    XL:     2   Next: 0%
Magic:  0/6        EV: 12    Int: 15    God:
Gold:   0          SH:  0    Dex: 14    Spells: 5/5 levels left

rFire   . . .      SeeInvis .   a - +1 dagger
rCold   . . .      Faith    .   (no shield)
rNeg    . . .      Spirit   +   b - +0 robe
rPois   .          Reflect  .   (no helmet)
rElec   .          Harm     .   (no cloak)
rCorr   .          Rampage  .   (no gloves)
Will    .....      NoTele   +   (no boots)
Stlth   +++.......              (no amulet)
HPRegen 0.04/turn               (no ring)
MPRegen 0.10/turn               (no ring)

@: no status effects
A: fangs 2, magic shield, antimagic bite, no potion heal 2
a: no special abilities


You were in the Dungeon.
You visited 1 branch

Inventory:

Hand Weapons
 a - a +1 dagger (weapon)
Armour
 b - a +0 robe (worn)
Scrolls
 h - a scroll of blinking
Potions
 c - 2 potions of invisibility
 d - a potion of curing
 e - a potion of haste
 f - 2 potions of magic
 g - a potion of berserk rage


   Skills:
 + Level 0.9 Short Blades
 + Level 1.7 Dodging
 + Level 4.6 Stealth
 + Level 2.4 Spellcasting
 + Level 4.0 Hexes


You had 5 spell levels left.
You didn't know any spells.
Your spell library contained the following spells:

 Spells                   Type           Power      Damage    Failure   Level
 Confusing Touch          Hex            13%        N/A       12%         3
 Tukima's Dance           Hex            13%        N/A       12%         3
 Ensorcelled Hibernation  Hex/Ice        14%        N/A       14%         2
 Dazzling Flash           Conj/Hex       14%        N/A       28%         3


Dungeon Overview and Level Annotations

Branches:
Dungeon (1/1)

Altars:


Innate Abilities, Weirdness & Mutations

You have extremely sharp teeth.
When hurt, damage is shared between your health and your magic reserves.
Your bite disrupts and absorbs the magic of your enemies.
Potions cannot restore your health.


Message History

The phantom misses you.
You hit the phantom. Your bite misses the phantom.
The phantom is moderately damaged.
The phantom hits you.
You hit the phantom but do no damage.
The phantom is moderately damaged.
The phantom hits you.
You closely miss the phantom.
The phantom is moderately damaged.
The phantom hits you.
* * * LOW HITPOINT WARNING * * *
You barely miss the phantom.
The phantom is moderately damaged.
The hound stops to sniff the ground.
The phantom closely misses you.
You hit the phantom.
The phantom is moderately damaged.
You hit the phantom. Your bite misses the phantom.
The phantom is moderately damaged.
The phantom hits you but does no damage.
You closely miss the phantom. You bite the phantom. You drain its power.
You feel invigorated.
The phantom is heavily damaged.
The phantom barely misses you.
You barely miss the phantom.
The phantom is heavily damaged.
The phantom hits you but does no damage.
You barely miss the phantom. Your bite misses the phantom.
The phantom is heavily damaged.
The phantom hits you.
* * * LOW HITPOINT WARNING * * *
You miss the phantom. You bite the phantom, but do no damage.
The phantom is heavily damaged.
The phantom hits you but does no damage.
You barely miss the phantom.
You punch the phantom, but do no damage.
Your bite misses the phantom.
The phantom is heavily damaged.
The phantom hits you.
You die... ▓▓▓▓▓▓▓▓▓▓▓▓▓▓▓▓▓▓ +.hhYhW@...†'...<▓ ▓▓▓▓▓▓▓▓▓▓▓▓▓▓▓▓▓▓

You could see a black bear, an ice beast, a phantom and 2 hounds.

Vanquished Creatures
  A bat (D)
  An endoplasm (D)
  3 hobgoblins (D)
5 creatures vanquished.

Notes
Turn   | Place    | Note
-------+----------+-------------------------------------------
     0 | D        | purpskrrrp the Vine Stalker Enchanter began the quest for
                  | the Orb.
     0 | D        | Reached XP level 1. HP: 9/9 MP: 4/4
    19 | D        | Reached XP level 2. HP: 12/13 MP: 4/6
    40 | D        | Noticed a black bear
    40 | D        | Noticed an ice beast
    40 | D        | Noticed a phantom
    60 | D        | Slain by a phantom

Illustrated notes

Levels and vault maps discovered:
D:        linesprint [early_d, line_temple, items_1, d_10, items_2, lair_1,
          lair_end, items_3, orc_1, orc_end, items_4, d_15, swamp_1, shoals_1,
          snake_1, spider_1, d_20, vaults_1, items_5, swamp_end, shoals_end,
          snake_end, spider_end, vaults_end, d_27, items_6, zot_1, zot_end,
          crypt_end, forest_end, elf_end, slime_end, tomb_end, abyss_end,
          pan_hell_end]

Skill      XL: |  1 |
---------------+----+-----
Stealth        | 4 |  4.6
Hexes          | 4 |  4.0
Short Blades   | |  0.9
Dodging        | |  1.7
Spellcasting   | |  2.4

Action                   || total
-------------------------++-------
Melee: Dagger            ||    34
       Bite              ||     6
       Punch             ||     1
 Stab: Sleeping          ||     1
Armor: Robe              ||     9
Dodge: Dodged            ||    14

Table legend: (Time is in decaauts)
 A = Elapsed time spent in this place.
 B = Non-inter-level travel time spent in this place.
 C = Inter-level travel time spent in this place.
 D = Time resting spent in this place.
 E = Time spent auto-exploring this place.
 F = Levels seen in this place.
 G = Mean time per level.
                   A        B        C        D        E       F      G
               +--------+--------+--------+--------+--------+-----+--------+
         Total |     58 |     58 |      0 |      0 |     24 |   1 |   58.0 |
       Dungeon |     58 |     58 |      0 |      0 |     24 |   1 |   58.0 |
               +--------+--------+--------+--------+--------+-----+--------+

Top non-repeatable levels by time:
       D: 58 daAuts
